 Dungeon Crawl Stone Soup version 0.22-a0-538-g76cc104 (webtiles) character file.

1913 inc the Conjurer (level 8, -3/31 HPs)
             Began as a Felid Fire Elementalist on June 23, 2018.
             Was a Priest of Vehumet.
             Shot with an arrow by a centaur warrior (8 damage)
             ... on level 7 of the Dungeon.
             The game lasted 00:28:10 (11499 turns).

inc the Conjurer (Felid Fire Elementalist)         Turns: 11499, Time: 00:28:11

Health: -3/31      AC:  2    Str:  4    XL:     8   Next: 95%
Magic:  20/20      EV: 26    Int: 19    God:    Vehumet [***...]
Gold:   926        SH:  0    Dex: 17    Spells: 3/22 levels left
                                        Lives:  0   Deaths: 2

rFire    . . .     SeeInvis +   (weapon unavailable)
rCold    . . .     Gourm    .   (shield unavailable)
rNeg     . . .     Faith    .   (armour unavailable)
rPois    +         Spirit   .   (helmet unavailable)
rElec    .         Reflect  .   (cloak unavailable)
rCorr    .         Harm     .   (gloves unavailable)
MR       +....                  (boots unavailable)
Stlth    +++.......             (no amulet)
HPRegen  0.10/turn              u - ring of Phasing {EV+8}
MPRegen  0.17/turn              s - ring of poison resistance

@: quick
A: very small, no armour, no weapons or thrown items, stealth, claws 1, fangs 3,
see invisible, carnivore, speed 1, shaggy fur 2, slow metabolism 1, sharp paws
a: Renounce Religion


You were on level 7 of the Dungeon.
You worshipped Vehumet.
Vehumet was most pleased with you.
You were not hungry.

You visited 2 branches of the dungeon, and saw 9 of its levels.

You collected 926 gold pieces.

Inventory:

Missiles
 y - 51 stones
Jewellery
 o - a +2 ring of dexterity
 s - a ring of poison resistance (right paw)
 u - the ring of Phasing (left paw) {EV+8}
   (You found it on level 4 of the Dungeon)

   [ring of evasion]

   It affects your evasion (+8).
 w - an uncursed ring of resist corrosion
Wands
 g - a wand of digging (8)
 r - a wand of polymorph (2)
Scrolls
 a - a scroll of identify
 c - 2 scrolls of blinking
 h - a scroll of enchant weapon {unknown}
 i - a scroll of random uselessness
 k - a scroll of amnesia
 l - 5 scrolls of remove curse
 n - a scroll of fog {unknown}
 q - a scroll of immolation {unknown}
 v - a scroll of teleportation
 x - a scroll of noise
Potions
 e - a potion of lignification
 f - 2 potions of brilliance
 j - 3 potions of might
 m - a potion of flight
 p - a potion of invisibility
 t - a potion of haste
 z - 2 potions of heal wounds
 A - a potion of degeneration
 B - a potion of berserk rage
Comestibles
 b - 13 rations


   Skills:
 + Level 0.7 Fighting
 - Level 2.6 Dodging
 - Level 2.6 Stealth
 - Level 7.9 Spellcasting
 - Level 7.9 Conjurations
 - Level 7.7 Fire Magic
 - Level 1.2 Earth Magic


You had 3 spell levels left.
You knew the following spells:

 Your Spells              Type           Power        Failure   Level  Hunger
a - Flame Tongue          Conj/Fire      #####        1%          1    None
b - Sticky Flame          Conj/Fire      #####...     1%          4    ###....
c - Mephitic Cloud        Conj/Pois/Air  ###.....     2%          3    None
d - Magic Dart            Conj           ####         1%          1    None
e - Stone Arrow           Conj/Erth      ####..       1%          3    None
f - Blink                 Tloc           N/A          14%         2    None
g - Fireball              Conj/Fire      #####.....   2%          5    #####..

Your spell library contained the following spells:

 Spells                   Type           Power        Failure   Level  Hunger
 Conjure Flame            Conj/Fire      #####...     1%          3    None
 Slow                     Hex            #.......     14%         2    None
 Throw Flame              Conj/Fire      #####.       1%          2    None
 Call Imp                 Summ           #.......     14%         2    None
 Inner Flame              Hex/Fire       ###.....     1%          3    None


Dungeon Overview and Level Annotations

Branches:
Dungeon (8/15)             Temple (1/1) D:5
   Lair: D:8-11

Altars:
Ashenzari
Cheibriados
Dithmenos
Elyvilon
Fedhas
Gozag
Hepliaklqana
Kikubaaqudgha
Makhleb
Okawaru
Qazlal
Ru
Sif Muna
Trog
Uskayaw
Vehumet
Wu Jian
Xom
Yredelemnul
Zin
The Shining One

Shops:
D:7 }


Innate Abilities, Weirdness & Mutations

You cannot wear armour.
You are incapable of wielding weapons or throwing items.
Your paws allow you to move quietly. (Stealth)
You have sharp claws.
You have razor-sharp teeth.
You have supernaturally acute eyesight. (SInv)
You are carnivorous and can eat meat at any time.
You cover ground quickly.
You are covered in thick fur. (AC +2)
You have a slow metabolism.
Your sharp claws are effective at attacking unaware monsters.


Message History

Okay, then.
You're too confused!
You're too confused to move!
The centaur warrior shoots an arrow.
The arrow hits you!
The centaur warrior shoots an arrow.
The arrow closely misses you.
You hear an angry hiss.
You hear a loud, deep croak!
You see here an arrow.
You see here an arrow.
The centaur warrior shoots an arrow.
The arrow hits you!
You see here an arrow.
You feel less invigorated.
You feel less confused.
The centaur warrior shoots an arrow.
The arrow misses you.
The centaur warrior shoots an arrow.
The arrow hits you!
* * * LOW HITPOINT WARNING * * *
You hear an angry hiss.
You see here 2 arrows.
You hear a bark!
The centaur warrior shoots an arrow.
The arrow hits you!
You die...

#.........# ##.........#
##.........## #..........#
#..........#
#######################
#....c.........(....#..
#P..(#(........#...[#..
#...P#@...(....#....#..
#P.(.#(........#....#..
#...P#.........#...(#..
#P...#.........#....#..
#...P#.........#....#..
####Pc..#.........#...(#..
##..#...P#.........#....#..
###...#'########)########'#.#
##.....#. #.........#8...#.[


You could see a centaur warrior.

Vanquished Creatures
  An ogre mage (D:7)
  2 hippogriffs
  A hungry ghost (D:5)
  Edmund (D:5)
  Menkaure (D:7)
  A sky beast (D:6)
  3 orc warriors
  4 ogres
  A phantom (D:4)
  2 centaurs
  Blork the orc (D:5)
  A big kobold (D:7)
  A bullfrog (D:6)
  8 wights
  3 howler monkeys (D:7)
  4 crimson imps
  2 bullfrog zombies (D:5)
  A centaur zombie (D:7)
  4 hounds
  4 orc priests
  4 orc wizards
  2 iguanas (D:6)
  Ijyb (D:3)
  6 worker ants
  A hound zombie (D:7)
  3 gnolls (D:3)
  10 adders
  4 shadow imps
  3 oozes
  An adder skeleton (D:6)
  A worm (D:3)
  6 leopard geckos
  19 orcs
  10 bats
  9 giant cockroaches
  9 goblins
  8 hobgoblins
  2 jackals (D:5)
  11 kobolds
  4 quokkas
  A ball python (D:3)
  4 frilled lizards
  7 rats
172 creatures vanquished.

Notes
Turn   | Place    | Note
-------+----------+-------------------------------------------
     0 | D:1      | inc the Felid Fire Elementalist began the quest for the Orb.
     0 | D:1      | Reached XP level 1. HP: 7/7 MP: 4/4
     9 | D:1      | Reached skill level 1 in Conjurations
   270 | D:1      | Reached XP level 2. HP: 11/11 MP: 3/6
   999 | D:2      | Reached XP level 3. HP: 5/14 MP: 1/7
  1740 | D:2      | Reached XP level 4. HP: 18/18 MP: 5/8
  2062 | D:2      | Found a radiant altar of Vehumet.
  2157 | D:2      | Became a worshipper of Vehumet
  2239 | D:2      | Found a glowing golden altar of the Shining One.
  2246 | D:2      | Found a shattered altar of Ashenzari.
  2455 | D:3      | Noticed Ijyb
  3009 | D:3      | Reached XP level 5. HP: 21/21 MP: 4/9
  3621 | D:3      | Killed Ijyb
  4184 | D:4      | Found the ring of Phasing {EV+8}
  4626 | D:4      | Noticed a phantom
  4652 | D:4      | Killed a phantom
  4652 | D:4      | Gained mutation: You are covered in thick fur. (AC +2) [Felid growth]
  4652 | D:4      | Reached XP level 6. HP: 24/24 MP: 5/10
  4687 | D:4      | Found a shimmering altar of Xom.
  4708 | D:4      | Reached * piety under Vehumet
  4708 | D:4      | Offered knowledge of Shock by Vehumet.
  4856 | D:5      | Entered Level 5 of the Dungeon
  5004 | D:5      | Noticed Edmund
  5228 | D:5      | Reached skill level 5 in Conjurations
  5617 | D:5      | Reached skill level 5 in Fire Magic
  5617 | D:5      | Reached XP level 7. HP: 19/27 MP: 3/11
  5700 | D:5      | Found a staircase to the Ecumenical Temple.
  5700 | D:5      | Noticed Blork the orc
  5713 | D:5      | Killed Blork the orc
  5729 | Temple   | Entered the Ecumenical Temple
  6033 | D:6      | Learned a level 3 spell: Mephitic Cloud
  6058 | D:5      | Learned a level 2 spell: Blink
  6247 | D:5      | Killed Edmund
  6471 | D:6      | Learned a level 4 spell: Sticky Flame
  6521 | D:6      | Reached XP level 8. HP: 31/31 MP: 7/12
  6944 | D:6      | Offered knowledge of Sandblast by Vehumet.
  6946 | D:6      | Reached ** piety under Vehumet
  7044 | D:6      | Learned a level 1 spell: Sandblast
  7354 | D:6      | Reached skill level 1 in Earth Magic
  7723 | D:6      | Learned a level 1 spell: Magic Dart
  8883 | D:7      | Noticed Menkaure
  8889 | D:7      | Killed Menkaure
  8889 | D:7      | Reached XP level 9. HP: 34/34 MP: 5/13
  9062 | D:7      | Found Sawnam's Gadget Emporium.
  9069 | D:6      | Offered knowledge of Stone Arrow by Vehumet.
  9284 | D:6      | Slain by an orc warrior
  9285 | D:6      | Reached XP level 8. HP: -5/31 MP: 9/12
 10139 | D:7      | Reached *** piety under Vehumet
 10373 | D:7      | Noticed a hippogriff
 10381 | D:7      | Killed a hippogriff
 10381 | D:7      | Reached skill level 5 in Spellcasting
 10664 | D:8      | Noticed a hippogriff
 10672 | D:8      | Killed a hippogriff
 10672 | D:8      | Reached XP level 9. HP: 26/34 MP: 7/19
 11085 | D:7      | Noticed a centaur warrior
 11085 | D:7      | Noticed an ogre mage
 11093 | D:7      | Killed from afar by an ogre mage
 11094 | D:7      | Reached XP level 8. HP: -4/31 MP: 13/18
 11181 | D:8      | Learned a level 3 spell: Stone Arrow
 11221 | D:8      | Learned a level 5 spell: Fireball
 11274 | D:7      | Killed an ogre mage
 11499 | D:7      | Shot with an arrow by a centaur warrior

Vault maps used:
D:1:      giann_bridges
D:2:      vehumet_crystals, gammafunk_temple_overflow_pools
D:3:      uniq_ijyb
D:4:      tgw_xom
D:5:      minmay_temple_entry_fiery, first_ration, uniq_blork_the_orc,
          uniq_edmund
D:7:      minmay_klotski, serial_shops, nicolae_shop_crystal,
          kennysheep_generic_room_8, uniq_menkaure
D:8:      kennysheep_ambush_hall, nicolae_overflow_crystal_walls
Temple:   regret_index_temple_mists

Skill      XL: |  1  2  3  4  5  6  7  8 |
---------------+-------------------------+-----
Conjurations   | 2 3 4 5 6 7 |  7.9
Fire Magic     | 3 4 5 6 7 |  7.7
Earth Magic    | 1 |  1.2
Spellcasting   | 7 |  7.9
Fighting       | |  0.7
Dodging        | |  2.6
Stealth        | |  2.6

Action                   |  1- 3 |  4- 6 |  7- 9 || total
-------------------------+-------+-------+-------++-------
Melee: Unarmed           |    14 |    43 |    62 ||   119
       Bite              |     2 |     3 |     8 ||    13
 Cast: Flame Tongue      |    51 |   157 |   216 ||   424
       Sticky Flame      |       |       |    38 ||    38
       Sandblast         |       |       |    22 ||    22
       Magic Dart        |       |       |    21 ||    21
  Use: Scroll            |       |     8 |     7 ||    15
       Potion            |       |       |     2 ||     2
 Stab: Sleeping          |     1 |     2 |       ||     3
  Eat: Chunk             |     1 |    17 |    23 ||    41
Armor: Skin              |       |     5 |    12 ||    17
Dodge: Dodged            |    22 |    90 |   229 ||   341

Table legend:
 A = Spawn XP
 B = Non-spawn XP
 C = Spawn XP percentage of total XP
 D = Spawn monster count
 E = Non-spawn monster count
 F = Spawn count percentage of total count
 G = Total turns spent on level
                    A         B        C        D         E        F      G
               +---------+---------+-------+---------+---------+-------+---------
         Total |       0 |    5723 |   0.0 |       0 |     172 |   0.0 | 11499
               +---------+---------+-------+---------+---------+-------+---------
           D:1 |       0 |      36 |   0.0 |       0 |      19 |   0.0 |   978
           D:2 |       0 |     122 |   0.0 |       0 |      27 |   0.0 |  1784
           D:3 |       0 |     114 |   0.0 |       0 |      17 |   0.0 |  1081
           D:4 |       0 |     252 |   0.0 |       0 |      15 |   0.0 |  1196
           D:5 |       0 |     928 |   0.0 |       0 |      18 |   0.0 |  1718
           D:6 |       0 |    1594 |   0.0 |       0 |      44 |   0.0 |  2620
           D:7 |       0 |    2209 |   0.0 |       0 |      27 |   0.0 |  1727
           D:8 |       0 |     468 |   0.0 |       0 |       5 |   0.0 |   216
               +---------+---------+-------+---------+---------+-------+---------
